 Dungeon Crawl Stone Soup version 0.24.0-1-gfbc8707 (webtiles) character file.

Game seed: 9570403860889262664, levelgen mode: deterministic

31 Buxparty the Covered (level 3, -5/28 HPs)
             Began as a Mummy Wanderer on Jan 6, 2020.
             Killed by divine providence
             ... invoked by an orc priest
              (9 damage)
             ... on level 2 of the Dungeon.
             The game lasted 00:01:54 (1117 turns).

Buxparty the Covered (Mummy Wanderer)               Turns: 1117, Time: 00:01:54

Health: -5/28      AC:  5    Str: 19    XL:     3   Next: 7%
Magic:  12/12      EV: 10    Int: 11    God:
Gold:   60         SH:  0    Dex:  8    Spells: 2/2 levels left

rFire    x . .     SeeInvis .   a - +2 mace
rCold    + . .     Gourm    .   (no shield)
rNeg     + + +     Faith    .   d - +0 ring mail
rPois    ∞         Spirit   .   (no helmet)
rElec    .         Reflect  .   (no cloak)
rCorr    .         Harm     .   (no gloves)
MR       .....                  (no boots)
Stlth    ..........             (no amulet)
HPRegen  0.09/turn              e - ring of magical power
MPRegen  0.13/turn              (no ring)

@: no status effects
A: no food or potions, fire vulnerability, cold resistance 1, negative energy
resistance 3, torment resistance, unbreathing
a: no special abilities


You were on level 2 of the Dungeon.
You were not hungry.

You visited 1 branch of the dungeon, and saw 2 of its levels.

You collected 60 gold pieces.

Inventory:

Hand Weapons
 a - a +2 mace (weapon)
 b - a +0 hand crossbow
Missiles
 c - 35 bolts
Armour
 d - a +0 ring mail (worn)
Jewellery
 e - a ring of magical power (left hand)
Scrolls
 f - 2 scrolls of teleportation {unknown}
 g - a scroll of enchant armour {unknown}
 h - a scroll of fear {unknown}
 i - a scroll of identify {unknown}
 j - a scroll of fog {unknown}
 k - a scroll of immolation {unknown}
 l - a scroll of remove curse {unknown}


   Skills:
 + Level 2.9 Fighting
 - Level 1.0 Maces & Flails
 - Level 1.5 Crossbows
 - Level 1.0 Throwing
 + Level 3.0 Armour
   Level 1.0 Evocations


You had 2 spell levels left.
You didn't know any spells.
Your spell library was empty.

Dungeon Overview and Level Annotations

Branches:
Dungeon (2/15)

Altars:
Cheibriados


Innate Abilities, Weirdness & Mutations

You do not eat or drink.
Your flesh is vulnerable to fire.
You are immune to poison.
Your flesh is cold resistant. (rC+)
You are immune to negative energy. (rN+++)
You are immune to unholy pain and torment.
You can survive without breathing.


Message History

The orc priest is moderately wounded.
The orc priest barely misses you.
You hit the orc priest.
The orc priest is heavily wounded.
The orc priest barely misses you.
You hit the orc priest but do no damage.
The orc priest is heavily wounded.
The orc priest barely misses you. x2
You hit the orc priest but do no damage.
The orc priest is heavily wounded.
The orc priest hits you but does no damage.
You hit the orc priest but do no damage.
The orc priest is heavily wounded.
The orc priest hits you.
* * * LOW HITPOINT WARNING * * *
You hit the orc priest.
The orc priest is severely wounded.
The orc priest calls down the wrath of Beogh upon you.
Beogh smites you!
You die...

#. #. ##### ######.###
##...# #.@oo.....
.....# #.####.###
##...#### #####.##
........# #......#
###.###.# #.###..# #
#.# #.# #.##...## #
#.###.###.#.....## #
#......##.#......##
###...#..##.#........#


You could see an orc priest and an orc.

Vanquished Creatures
  A worm (D:2)
  3 leopard geckos (D:1)
  3 orcs (D:2)
  2 giant cockroaches (D:2)
  A goblin (D:2)
  A hobgoblin (D:1)
  2 bats
  4 kobolds
  4 rats
21 creatures vanquished.

Notes
Turn   | Place    | Note
-------+----------+-------------------------------------------
     0 | D:1      | Buxparty the Mummy Wanderer began the quest for the Orb.
     0 | D:1      | Buxparty set off with the following items: a +2 mace, a +0
                  | hand crossbow, 24 bolts, a +0 ring mail
     0 | D:1      | Reached XP level 1. HP: 16/16 MP: 1/1
   254 | D:1      | Reached XP level 2. HP: 5/23 MP: 2/2
   293 | D:1      | Found a snail-covered altar of Cheibriados.
  1101 | D:2      | Reached skill level 3 in Armour
  1104 | D:2      | Reached XP level 3. HP: 17/28 MP: 3/3
  1117 | D:2      | Killed from afar by an orc priest

Levels and vault maps discovered:
D:1:      nagdon_arrival_double_spiral, layout_basic, minmay_misc_feat_room,
          minivault_27, cheibriados_altar_1
D:2:      layout_loops_corners

Skill      XL: |  1  2 |
---------------+-------+-----
Armour         | 3 |  3.0
Fighting       | |  2.9
Maces & Flails | |  1.0
Crossbows      | |  1.5
Throwing       | |  1.0
Evocations     | |  1.0

Action                   || total
-------------------------++-------
Melee: Mace              ||    77
Armor: Ring mail         ||    29
Dodge: Dodged            ||    42
